 Dungeon Crawl Stone Soup version 0.32-a0-696-g5fa0bccb63 (webtiles) character file.

Game seed: 4803506360833610249

2538 GeoRichter the Spear-Bearer (level 9, -3/74 HPs)
             Began as a Merfolk Shapeshifter on Mar 13, 2024.
             Was a Believer of Beogh.
             Slain by a killer bee (7 damage)
             ... on level 7 of the Dungeon.
             The game lasted 00:18:33 (8512 turns).

GeoRichter the Spear-Bearer (Merfolk Shapeshifter)  Turns: 8512, Time: 00:18:35

Health: -3/74      AC:  9    Str: 14    XL:     9   Next: 55%
Magic:  9/9        EV: 11    Int: 10    God:    Beogh [**....]
Gold:   474        SH:  4    Dex: 17    Spells: 8/8 levels left

rFire   . . .        i - +4 dagger (freeze)
rCold   . . .        j - +0 buckler
rNeg    . . .        G - +2 leather armour {rPois}
rPois   +            r - +2 hat
rElec   .            (no cloak)
rCorr   .            d - +0 pair of gloves
SInv    .            H - +0 pair of boots
Will    .....        a - amulet of magic regeneration
Stlth   +            E - ring of flight
HPRegen 0.32/turn    (no ring)
MPRegen 0.51/turn

%: no passive effects
@: flying
A: (nimble swimmer 2), mertail
a: Renounce Religion, Smiting


You were on level 7 of the Dungeon.
You worshipped Beogh.
Beogh was pleased with you.
You visited 1 branch of the dungeon, and saw 7 of its levels.
You also visited: Sewer.

You collected 474 gold pieces.

Inventory:

Hand Weapons
 h - a +0 spear
   (You took it off a gnoll on level 3 of the Dungeon)
 i - a +4 dagger of freezing (weapon)
   (You took it off a kobold on level 1 of the Dungeon)
 s - a +0 halberd
   (You took it off a gnoll on level 5 of the Dungeon)
Armour
 d - a +0 pair of gloves (worn)
   (You found it on level 3 of the Dungeon)
 j - a +0 buckler (worn)
   (You took it off a kobold on level 1 of the Dungeon)
 o - a +2 robe of cold resistance
   (You took it off Sigmund on level 4 of the Dungeon)
 r - a +2 hat (worn)
   (You found it on level 3 of the Dungeon)
 B - a +1 ring mail of positive energy
   (You found it on level 4 of the Dungeon)
 G - a +2 leather armour of poison resistance (worn)
   (You took it off Edmund on level 6 of the Dungeon)
 H - a +0 pair of boots (worn)
   (You found it on level 6 of the Dungeon)
 I - the +0 leather armour of Amorality {rElec Will+ Slay+3}
   (You found it on level 6 of the Dungeon)

   Slay+3:    It affects your accuracy & damage with ranged weapons and melee
   (+3).
   rElec:     It insulates you from electricity.
   Will+:     It increases your willpower.
Jewellery
 a - an amulet of magic regeneration (around neck)
   (You found it on level 1 of the Dungeon)
 E - a ring of flight (left hand)
   (You found it on level 5 of the Dungeon)
Talismans
 c - a beast talisman
Wands
 y - a wand of flame (9)
   (You found it on level 4 of the Dungeon)
Scrolls
 g - 2 scrolls of fear
 k - a scroll of amnesia {unknown}
 l - a scroll of blinking {unknown}
 m - a scroll of fog
 n - a scroll of immolation {!r}
 t - a scroll of silence
 u - a scroll of enchant weapon
 w - 2 scrolls of vulnerability {unknown}
 x - a scroll of brand weapon
 D - a scroll of revelation {unknown}
Potions
 b - 3 potions of lignification {!q}
 e - a potion of attraction {unknown}
 f - a potion of cancellation
 p - 3 potions of mutation {!q}
 q - a potion of brilliance
 z - 2 potions of invisibility {unknown}
 A - a potion of experience {unknown}
 C - a potion of magic {unknown}


   Skills:
 + Level 8.1 Fighting
 * Level 13.1 Polearms
 - Level 2.6 Dodging
 - Level 3.2 Unarmed Combat
 - Level 4.0 Shapeshifting


You had 8 spell levels left.
You didn't know any spells.
Your spell library contained the following spells:

 Spells                   Type           Power      Damage    Failure   Level
 Ensorcelled Hibernation  Hex/Ice        0%         N/A       69%         2
 Fugue of the Fallen      Necr           0%         N/A       89%         3
 Anguish                  Hex/Necr       0%         N/A       100%        4
 Olgreb's Toxic Radiance  Alch           0%         N/A       100%        4
 Alistair's Intoxication  Alch           0%         N/A       100%        5
 Borgnjor's Vile Clutch   Necr/Erth      0%         N/A       100%        5
 Eringya's Noxious Bog    Alch           0%         4d6       100%        6
 Ozocubu's Refrigeration  Ice            0%         4d7       100%        7
 Discord                  Hex            0%         N/A       100%        8


Dungeon Overview and Level Annotations

Branches:
Dungeon (7/15) Zot: 26334  Temple (0/1) D:7           Sewer (visited)

Altars:
Cheibriados
Dithmenos
Nemelex Xobeh
Wu Jian
Yredelemnul
Zin

Shops:
D:3 ?


Innate Abilities, Weirdness & Mutations

Your facial features look somewhat orcish.
((You are very nimble when in or above water. (Stealth+, EV+, Speed+++)))
Your lower body shifts to a powerful aquatic tail in water.


Message History

You are no longer poisoned.
The killer bee stings you.
* * * LOW HITPOINT WARNING * * *
You are poisoned.
The killer bee poisons you! The killer bee closely misses you.
You hit the killer bee but do no damage.
The killer bee is severely wounded.
You feel very sick.
The killer bee stings you but does no damage.
The killer bee barely misses you.
Unknown command.
You completely miss the killer bee.
The killer bee is severely wounded.
You feel sick. The killer bee barely misses you.
The killer bee completely misses you.
Aiming: Throw Flame
Press: ? - help, Shift-Dir - straight line, f - killer bee
Aim: a killer bee (severely wounded, 39% to hit)
The puff of flame misses the killer bee.
The puff of flame hits the killer bee.
The killer bee is moderately wounded.
You feel sick. The killer bee stings you!
* * * LOW HITPOINT WARNING * * *
The killer bee stings you but does no damage.
Aiming: Throw Flame
Press: ? - help, Shift-Dir - straight line, f/p - killer bee
Aim: a killer bee (severely wounded, 39% to hit)
The puff of flame misses the killer bee. x2
The puff of flame hits the killer bee.
The killer bee is moderately wounded.
You feel sick. The killer bee stings you!
* * * LOW HITPOINT WARNING * * *
The killer bee barely misses you.
You barely miss the killer bee.
The killer bee is severely wounded.
You feel sick. The killer bee barely misses you.
The killer bee closely misses you.
You hit the killer bee. You freeze the killer bee.
The killer bee is almost dead.
You feel sick. You block the killer bee's attack. x2
The killer bee stings you but does no damage.
As you read the scroll of fear, it crumbles to dust.
You assume a fearsome visage.
The killer bee looks frightened! x3
The scorpion looks frightened!
You feel sick.
You feel sick.
You are no longer poisoned.
The killer bee stings you but does no damage. x2
The killer bee attacks as it pursues you!
The killer bee stings you!
You die...

##.#.##.#.##..#.##.#.##.$.#
#...##.#.##.#..##.#.##.#...#
#..##.#.##.#.(##.#.##.#.#..#
#.##
#.##.#..##.#.##J#.##....
#..##.#.##)#.#.#.##.#.##
.####
##..##.#.##.#.#.##.#.## ##
#....##.#.##.#.##.#.##
###.####.#.##.##y#.## #.#
##.#.###@#.##..# #.#
##.#.#.#.##...# #.#
##.#.#.##....# #.#
##.#.##.....# #.# ##
###>....#### #.#
#......(.#### #.#
#.....##....#### #.# ###
#...............
##.###~#####
##..<..###....##


You could see a jelly and a killer bee.

Vanquished Creatures
  Sigmund (D:4)
  A wyvern (D:6)
  Edmund (D:6)
  A water moccasin (D:4)
  2 centaurs (D:7)
  An ogre (D:4)
  A phantom (D:4)
  3 bullfrogs
  A scorpion (D:5)
  A wight (D:7)
  Dowan (D:4)
  7 killer bees (D:7)
  2 bombardier beetles (D:5)
  6 hounds
  A jelly (D:5)
  Jessica (D:2)
  7 iguanas
  Ijyb (D:3)
  4 orc wizards
  8 gnolls
  15 adders
  2 river rats (Sewer)
  3 white imps
  2 ufetubi (D:5)
  A dart slug (D:5)
  A ribbon worm (D:2)
  11 orcs
  11 endoplasms
  6 giant cockroaches
  7 goblins
  4 hobgoblins
  4 jackals (D:1)
  8 kobolds
  3 quokkas (D:4)
  18 ball pythons
  7 bats
  6 frilled lizards
  24 rats
184 creatures vanquished.

Vanquished Creatures (others)
  Duvessa (D:4)
  2 orcs
3 creatures vanquished.

Grand Total: 187 creatures vanquished

Notes
Turn   | Place    | Note
-------+----------+-------------------------------------------
     0 | D:1      | GeoRichter the Merfolk Shapeshifter began the quest for the
                  | Orb.
     0 | D:1      | Reached XP level 1. HP: 15/15 MP: 1/1
    34 | D:1      | Reached skill level 1 in Polearms
    71 | D:1      | Reached XP level 2. HP: 21/21 MP: 2/2
   117 | D:1      | Reached skill level 2 in Polearms
   315 | D:1      | Reached XP level 3. HP: 16/27 MP: 3/3
   338 | D:1      | Reached skill level 3 in Polearms
  1231 | D:2      | Reached XP level 4. HP: 34/34 MP: 4/4
  1518 | D:2      | Noticed Jessica
  1530 | D:2      | Killed Jessica
  1531 | D:2      | Reached skill level 4 in Polearms
  1738 | D:3      | Noticed Ijyb
  1860 | D:3      | Found a snail-covered altar of Cheibriados.
  1945 | D:3      | Reached XP level 5. HP: 17/41 MP: 5/5
  2128 | D:3      | Reached skill level 5 in Polearms
  2180 | D:3      | Found Zigram's Magic Scroll Boutique.
  2215 | D:3      | Killed Ijyb
  2366 | D:3      | HP: 2/41 [orc priest/nerve-wracking pain (8)]
  2367 | D:3      | Became a worshipper of Beogh the Shepherd
  2563 | D:3      | Found a sparkling altar of Nemelex Xobeh.
  2773 | D:4      | Noticed a phantom
  2795 | D:4      | Killed a phantom
  2796 | D:4      | Reached skill level 6 in Polearms
  2796 | D:4      | Reached XP level 6. HP: 18/48 MP: 6/6
  2852 | D:4      | Noticed Sigmund
  2891 | D:4      | Killed Sigmund
  2892 | D:4      | Reached skill level 7 in Polearms
  2892 | D:4      | Reached XP level 7. HP: 32/55 MP: 7/7
  3013 | D:4      | Found a basalt altar of Yredelemnul.
  3072 | D:4      | Reached skill level 8 in Polearms
  3163 | D:4      | Found a glowing drain.
  3177 | Sewer    | Entered a sewer
  3419 | Sewer    | Reached * piety under Beogh
  3421 | Sewer    | Reached skill level 5 in Fighting
  3953 | Sewer    | Reached skill level 9 in Polearms
  4081 | D:4      | Noticed Duvessa
  4124 | D:4      | Killed Duvessa
  4125 | D:4      | Reached XP level 8. HP: 32/63 MP: 8/8
  4296 | D:4      | Reached ** piety under Beogh
  4346 | D:4      | Noticed Dowan
  4483 | D:3      | Reached skill level 10 in Polearms
  4814 | D:4      | Found a glowing silver altar of Zin.
  4873 | D:4      | Killed Dowan
  5132 | D:5      | Entered Level 5 of the Dungeon
  5942 | D:5      | Reached skill level 11 in Polearms
  6114 | D:5      | Found a shadowy altar of Dithmenos.
  6496 | D:5      | Found an ornate altar of the Wu Jian Council.
  6554 | D:6      | Noticed Edmund
  6562 | D:6      | Killed Edmund
  6563 | D:6      | Reached XP level 9. HP: 26/72 MP: 9/9
  6758 | D:6      | Reached skill level 12 in Polearms
  7015 | D:6      | Identified the +0 leather armour of Amorality {rElec Will+
                  | Slay+3}
  7075 | D:6      | HP: 1/72 [orc warrior/+2 vampiric short sword (8)]
  7080 | D:6      | HP: 1/72 [orc warrior/+2 vampiric short sword (10)]
  7868 | D:7      | Found a staircase to the Ecumenical Temple.
  8249 | D:7      | Reached skill level 13 in Polearms
  8498 | D:7      | HP: 2/74 [killer bee (8)]
  8508 | D:7      | HP: 3/74 [poisoned by a killer bee]
  8512 | D:7      | Slain by a killer bee

Illustrated notes

Levels and vault maps discovered:
D:1:      ncdulo_watergridlock, layout_rooms
D:2:      minmay_door_path, layout_loops_cross, minmay_vboxes, uniq_jessica
D:3:      layout_rooms, mainiacjoe_overflow_cross_hatched,
          mainiacjoe_overflow_alcove_1, serial_shops, shop_statue, uniq_ijyb
D:4:      layout_loops_ring, mainiacjoe_overflow_six_doors_small,
          pf_just_have_faith, gup_sewer_entry_pipe, uniq_sigmund, uniq_duvessa
D:5:      layout_basic, lemuel_coloured_pillars_altar,
          mainiacjoe_overflow_tiny_flanked
D:6:      layout_basic, uniq_edmund
D:7:      minmay_inner_zag, layout_rooms, grunt_gozag_statues,
          minmay_temple_entry_statues_fountains, serial_rivers,
          chequers_serial_rivers_micro_e, chequers_serial_rivers_micro_e,
          chequers_serial_rivers_room_b, chequers_serial_rivers_large_a,
          nrook_pool_corridor, serial_bayou_crossing

Skill      XL: |  1  2  3  4  5  6  7  8  9 |
---------------+----------------------------+-----
Polearms       | 1 2 3 4 6 7 9 11 13 | 13.1
Fighting       | 2 3 4 5 7 8 |  8.1
Dodging        | |  2.6
Unarmed Combat | |  3.2
Shapeshifting  | |  4.0

Action                     |  1- 3 |  4- 6 |  7- 9 || total
---------------------------+-------+-------+-------++-------
  Melee: Unarmed           |    66 |       |       ||    66
         Punch             |     1 |       |       ||     1
         Dagger            |    61 |   163 |   593 ||   817
         Tailslap          |       |       |    31 ||    31
         Spear             |       |       |   134 ||   134
 Invoke: Convert to Beogh  |       |     1 |       ||     1
  Evoke: Wand              |       |     3 |     7 ||    10
    Use: Scroll            |       |     8 |     8 ||    16
         Potion            |       |     2 |     6 ||     8
   Stab: Invisible         |       |     2 |     4 ||     6
         Sleeping          |       |       |     1 ||     1
 Armour: Ring mail         |    77 |     2 |   256 ||   335
         Scale mail        |       |   107 |   268 ||   375
         Leather armour    |       |       |    70 ||    70
  Dodge: Dodged            |    65 |    52 |   355 ||   472
  Block: Buckler           |     4 |    31 |   162 ||   197
         Form:             |       |     1 |       ||     1

Table legend: (Time is in decaauts)
 A = Elapsed time spent in this place.
 B = Non-inter-level travel time spent in this place.
 C = Inter-level travel time spent in this place.
 D = Time resting spent in this place.
 E = Time spent auto-exploring this place.
 F = Levels seen in this place.
 G = Mean time per level.
                   A        B        C        D        E       F      G
               +--------+--------+--------+--------+--------+-----+--------+
         Total |   8402 |   8174 |    228 |   2018 |   3726 |   8 | 1050.2 |
       Dungeon |   7600 |   7372 |    228 |   1851 |   3411 |   7 | 1085.7 |
         Sewer |    801 |    801 |      0 |    167 |    314 |   1 |  801.0 |
               +--------+--------+--------+--------+--------+-----+--------+

Top non-repeatable levels by time:
     D:4: 1545 daAuts
     D:6: 1524 daAuts
     D:5: 1293 daAuts
     D:2: 1235 daAuts
     D:3: 860 daAuts
   Sewer: 801 daAuts
     D:1: 673 daAuts
     D:7: 467 daAuts
